 Dungeon Crawl Stone Soup version bcrawl-1.12.2 (webtiles) character file.

Game seed: 9349183706996203134

58 Ebbett the Poker (level 4, 0/51 HPs)
             Began as a Merfolk Gladiator on July 24, 2019.
             Succumbed to Crazy Yiuf's poison
             ... on level 2 of the Dungeon.
             The game lasted 00:03:37 (1606 turns).

Ebbett the Poker (Merfolk Gladiator)                Turns: 1606, Time: 00:03:38

Health: 0/51       AC:  5    Str: 20    XL:     4   Next: 2%
Magic:  4/4        EV: 14    Int:  7    God:
Gold:   96         SH:  0    Dex: 15    Spells: 3/3 levels left

rFire    . . .     SeeInvis .   a - +0 trident
rCold    . . .     Gourm    .   (no shield)
rNeg     . . .     Faith    .   b - +0 leather armour
rPois    .         Spirit   .   c - +0 helmet
rElec    .         Reflect  .   (no cloak)
rCorr    .         Harm     .   l - +0 pair of gloves
MR       .....                  (no boots)
Stlth    ..........             (no amulet)
HPRegen  0.17/turn              (no ring)
MPRegen  0.09/turn              (no ring)

@: berserking, lethally poisoned (0 -> -4), about to teleport, very quick
A: change form in water, swift swim, stealthy swim
a: no special abilities


You were on level 2 of the Dungeon.
You were not hungry.

You visited 1 branch of the dungeon, and saw 2 of its levels.

You collected 96 gold pieces.

Inventory:

Hand Weapons
 a - a +0 trident (weapon)
Missiles
 d - 3 throwing nets (quivered) {!f}
Armour
 b - a +0 leather armour (worn)
 c - a +0 helmet (worn)
 l - a +0 pair of gloves (worn)
Jewellery
 j - an uncursed ring of see invisible {unknown}
Wands
 n - a wand of polymorph (6)
Scrolls
 e - 4 scrolls of identify {unknown}
 h - a scroll of noise {unknown}
 i - 3 scrolls of remove curse {unknown}
Potions
 k - 2 potions of agility {unknown}
 m - a potion of mutation {unknown}
Comestibles
 f - 2 rations {!d}


   Skills:
 + Level 2.5 Fighting
 + Level 5.5 Polearms
 + Level 2.0 Throwing
 + Level 0.6 Armour
 + Level 4.9 Dodging


You had 3 spell levels left.
You didn't know any spells.
Your spell library was empty.

Dungeon Overview and Level Annotations

Branches:
Dungeon (2/12)

Altars:

Annotations:
D:2 Crazy Yiuf


Message History

Crazy Yiuf hits you with a +3 quarterstaff of chaos!
* * * LOW HITPOINT WARNING * * *
Crazy Yiuf draws strength from your wounds!
You closely miss Crazy Yiuf.
Crazy Yiuf says, "Buddy ladder song!"
Crazy Yiuf hits you with a +3 quarterstaff of chaos.
* * * LOW HITPOINT WARNING * * *
Crazy Yiuf freezes you.
* * * LOW HITPOINT WARNING * * *
You hit Crazy Yiuf.
Crazy Yiuf is lightly wounded.
You feel sick.
You completely miss Crazy Yiuf.
Crazy Yiuf is lightly wounded.
Crazy Yiuf hits you with a +3 quarterstaff of chaos!
* * * LOW HITPOINT WARNING * * *
You feel strangely unstable.
You closely miss Crazy Yiuf.
Crazy Yiuf is lightly wounded.
You die...

..............#.########.##
#
##....#########.......##..#
##### #....#
##...#.####.###.... #....##
####### #..)..##. #.....#
#..##.##. #.....#
###..##.... #.....#### ####
#.......... #......#.##
###..)# ####..#....
#.........####.@g..#
#........
#..........#..##...#
###........ #......#..#.###
#### #..........
############# #........##
#........## ###
######........## #.#
#............... #.#
#..............#
#.####.....#.#......#


You could see Crazy Yiuf.

Vanquished Creatures
  A worm (D:2)
  3 dart slugs
  A leopard gecko (D:1)
  A giant cockroach (D:1)
  11 hobgoblins
  3 jackals (D:2)
  2 quokkas (D:2)
  3 ball pythons
  2 bats (D:1)
  3 frilled lizards
  6 goblins
  4 kobolds
  6 rats
46 creatures vanquished.

Notes
Turn   | Place    | Note
-------+----------+-------------------------------------------
     0 | D:1      | Ebbett the Merfolk Gladiator began the quest for the Orb.
     0 | D:1      | Reached XP level 1. HP: 16/16 MP: 1/1
   128 | D:1      | Reached XP level 2. HP: 8/22 MP: 2/2
   201 | D:1      | Reached skill level 5 in Polearms
   495 | D:1      | Reached XP level 3. HP: 16/27 MP: 3/3
  1335 | D:2      | Reached XP level 4. HP: 31/34 MP: 4/4
  1474 | D:2      | Found a runed door.
  1593 | D:2      | Noticed Crazy Yiuf
  1605 | D:2      | HP: 1/51 [Crazy Yiuf/+3 quarterstaff of chaos (8)]
  1606 | D:2      | Succumbed to Crazy Yiuf's poison

Skill      XL: |  1  2 |
---------------+-------+-----
Polearms       | 5 |  5.5
Fighting       | |  2.5
Throwing       | |  2.0
Armour         | |  0.6
Dodging        | |  4.9

Action                   |  1- 3 |  4- 6 || total
-------------------------+-------+-------++-------
Melee: Trident           |   141 |    14 ||   155
 Stab: Sleeping          |     2 |       ||     2
  Eat: Chunk             |     2 |       ||     2
Armor: Leather armour    |    39 |     1 ||    40
Dodge: Dodged            |   146 |     3 ||   149
